 Dungeon Crawl Stone Soup version 0.19-a0-1875-g4fea3da (webtiles) character file.

1670 Amnesiac the Covert (level 8, 0/58 HPs)
             Began as a Mummy Monk on Oct 13, 2016.
             Was an Initiate of Gozag.
             Engulfed by a steam dragon's steam (9 damage)
             ... on level 7 of the Dungeon.
             The game lasted 00:13:31 (7656 turns).

Amnesiac the Covert (Mummy Monk)                    Turns: 7656, Time: 00:13:31

Health: 0/58       AC:  4    Str: 14    XL:     8   Next: 70%
Magic:  8/8        EV: 13    Int: 10    God:    Gozag
Gold:   319        SH:  0    Dex: 21    Spells: 0 memorised, 7 levels left

rFire  x . .     SeeInvis .     f - +1 short sword (vamp)
rCold  + . .     Gourm    .     b - +0 robe
rNeg   + + +     Faith    .     (no shield)
rPois  ∞         Spirit   .     (no helmet)
rElec  .         Dismiss  .     j - +0 cloak
rCorr  .         Reflect  .     a - +0 pair of gloves
MR     +....     Harm     .     (no boots)
Stlth  ++++......               (no amulet)
                                (no ring)
                                i - +5 ring of dexterity

@: gold aura
A: no food or potions, fire vulnerability, cold resistance 1, negative energy
resistance 3, torment resistance, unbreathing
a: Potion Petition, Call Merchant, Bribe Branch, Renounce Religion


You were on level 7 of the Dungeon.
You worshipped Gozag.
Gozag was aware of your devotion.
You were not hungry.

You visited 2 branches of the dungeon, and saw 8 of its levels.

You collected 1025 gold pieces.
You paid 706 gold pieces to Gozag.

Inventory:

Hand Weapons
 f - a +1 vampiric short sword (weapon)
Armour
 a - a +0 pair of gloves (worn)
 b - a +0 robe (worn)
 h - a +0 buckler
 j - a +0 cloak (worn)
Jewellery
 i - a +5 ring of dexterity (left hand)
 l - a +2 ring of slaying {unknown}
Wands
 d - a wand of digging (8/24)
 n - a wand of random effects (0/48)
Scrolls
 c - a scroll of enchant weapon
 e - 3 scrolls of teleportation
 g - a scroll of recharging
 m - 2 scrolls of remove curse
 o - a scroll of noise {unknown}
Books
 k - a book of Debilitation

   Spells                             Type                      Level
   a - Corona                         Hexes                        1
   b - Slow                           Hexes                        2
   c - Gell's Gravitas                Hexes/Translocation          3
   d - Inner Flame                    Hexes/Fire                   3
   e - Cause Fear                     Hexes                        4
   f - Leda's Liquefaction            Hexes/Earth                  4


   Skills:
 - Level 3.0 Fighting
 + Level 5.6 Short Blades
 - Level 2.4 Dodging
 * Level 8.7 Stealth


You had 7 spell levels left.
You didn't know any spells.

Dungeon Overview and Level Annotations

Branches:
Dungeon (7/15)             Temple (1/1) D:7

Altars:
Dithmenos
Elyvilon
Fedhas
Gozag
Hepliaklqana
Kikubaaqudgha
Makhleb
Qazlal
Sif Muna
Xom
Yredelemnul

Shops:
D:6 (   D:7 *

Annotations:
D:4 Duskembrace's ghost, amateur SpEn
D:5 Blork the orc
D:6 TotoDurand's ghost, novice DsFi


Innate Abilities, Weirdness & Mutations

You do not eat or drink.
Your flesh is vulnerable to fire.
You are immune to poison.
Your flesh is cold resistant. (rC+)
You are immune to negative energy. (rN+++)
You are immune to unholy pain and torment.
You can survive without breathing.


Message History

The steam dragon is heavily wounded.
The steam dragon bites you. The steam dragon closely misses you.
You barely miss the steam dragon.
The steam dragon is heavily wounded.
You barely miss the steam dragon.
The steam dragon is heavily wounded.
The steam dragon seems less drained.
The steam dragon breathes steam at you. The ball of steam hits you!
The steam scalds you terribly!
You hit the steam dragon.
You feel better.
The steam dragon is heavily wounded.
You are engulfed in a cloud of scalding steam.
* * * LOW HITPOINT WARNING * * *
The steam dragon bites you but does no damage.
The steam dragon claws you.
* * * LOW HITPOINT WARNING * * *
Unknown command.
You are engulfed in a cloud of scalding steam.
You die...
Your body crumbles into a pile of gold.

#.....# #.##### #.# #.#
#.# #.# #.# #.# #.# # #.#
#.# # #.# #.# #
#.########§###### #
#.##....@§§.....#
#.##.#####D####.#
######.##..v.D§.# #.#
#......##.####### #.#
###'###..##.# #.#
#§§.≈≈##.##$##########.#
##≈≈§≈≈##.##...[........#
.'§.∩..+..##.############
.#≈§§≈§#..##.#


You could see a steam dragon.

Vanquished Creatures
  A spriggan (D:7)
  2 sky beasts (D:7)
  An ogre (D:6)
  3 phantoms
  A boggart (D:6)
  4 bullfrogs
  5 wights (D:7)
  A centaur zombie (D:5)
  An iguana (D:4)
  4 worker ants
  A hound zombie (D:7)
  A worker ant zombie (D:6)
  A howler monkey skeleton (D:7)
  13 adders
  A shadow imp (D:5)
  An ooze (D:3)
  2 adder skeletons (D:5)
  5 worms
  3 dart slugs (D:3)
  A leopard gecko (D:6)
  5 orcs
  8 bats
  4 giant cockroaches
  9 goblins
  8 hobgoblins
  14 jackals
  6 kobolds
  4 quokkas
  9 frilled lizards
  A leopard gecko zombie (D:5)
  A quokka skeleton (D:7)
  2 quokka zombies
  12 rats
135 creatures vanquished.

Notes
Turn   | Place    | Note
-------+----------+-------------------------------------------
     0 | D:1      | Amnesiac the Mummy Monk began the quest for the Orb.
     0 | D:1      | Reached XP level 1. HP: 18/18 MP: 1/1
   296 | D:2      | Reached skill level 2 in Stealth
   296 | D:2      | Reached XP level 2. HP: 24/24 MP: 2/2
   477 | D:2      | Found an opulent altar of Gozag.
   489 | D:2      | Became a worshipper of Gozag Ym Sagoz the Greedy
   657 | D:1      | Reached XP level 3. HP: 23/29 MP: 3/3
   880 | D:1      | Reached skill level 3 in Stealth
  1516 | D:2      | Reached XP level 4. HP: 35/35 MP: 4/4
  2260 | D:3      | Reached skill level 4 in Stealth
  2313 | D:3      | Noticed an ogre
  2436 | D:3      | Found an ancient bone altar of Kikubaaqudgha.
  2436 | D:3      | Found a white marble altar of Elyvilon.
  2464 | D:3      | Reached XP level 5. HP: 31/41 MP: 5/5
  2661 | D:3      | Found a basalt altar of Yredelemnul.
  2661 | D:3      | Found a stormy altar of Qazlal.
  2666 | D:3      | Found a faded altar of an unknown god.
  2668 | D:3      | Found a faded altar of an unknown god.
  2669 | D:3      | Found a faded altar of an unknown god.
  3279 | D:4      | Noticed Duskembrace's ghost (amateur SpEn)
  4020 | D:5      | Entered Level 5 of the Dungeon
  4101 | D:5      | Found a deep blue altar of Sif Muna.
  4358 | D:5      | Noticed Blork the orc
  4450 | D:5      | Reached XP level 6. HP: 23/47 MP: 6/6
  4622 | D:6      | Reached skill level 5 in Stealth
  4660 | D:6      | Noticed Sigmund
  4940 | D:6      | Reached skill level 6 in Stealth
  4940 | D:6      | Reached XP level 7. HP: 34/52 MP: 7/7
  5052 | D:6      | Noticed Sigmund
  5052 | D:6      | Sigmund changed into Sigmund the boggart
  5061 | D:6      | Killed Sigmund the boggart
  5210 | D:6      | Noticed TotoDurand's ghost (novice DsFi)
  5609 | D:7      | Reached skill level 7 in Stealth
  5612 | D:7      | Reached XP level 8. HP: 58/58 MP: 8/8
  5691 | D:7      | Found Reoloido's General Store.
  5823 | D:7      | Reached skill level 5 in Short Blades
  6097 | D:7      | Found a staircase to the Ecumenical Temple.
  6228 | D:7      | Noticed a hippogriff
  6237 | D:6      | Reached skill level 8 in Stealth
  6244 | D:6      | HP: 1/58 [worker ant (3)]
  6991 | Temple   | Entered the Ecumenical Temple
  7001 | Temple   | HP: 2/58 [worker ant (4)]
  7656 | D:7      | Engulfed by a steam dragon's steam

Vault maps used:
D:1:      dpeg_arrival_fog, minmay_small_reverse_x
D:2:      grunt_gozag_breadcrumbs
D:3:      chequers_temple_overflow_minitemple, gammafunk_temple_overflow_wave,
          hangedman_feature_mirror, mrwooster_statue_mirror
D:4:      first_bread
D:5:      lemuel_round_altar, uniq_blork_the_orc
D:6:      kennysheep_nondescript, uniq_sigmund
D:7:      serial_shops, kennysheep_little_box, hangedman_decor_riveting,
          the_bakery, hangedman_misty_isle
Temple:   cyrus_circular_temple

Skill      XL: |  1  2  3  4  5  6  7  8 |
---------------+-------------------------+-----
Stealth        | 2 3 4 6 7 8 |  8.7
Short Blades   | 3 4 5 |  5.6
Fighting       | |  3.0
Dodging        | |  2.4

Action                   |  1- 3 |  4- 6 |  7- 9 || total
-------------------------+-------+-------+-------++-------
Melee: Short sword       |   157 |   312 |   247 ||   716
Invok: Call Merchant     |       |       |     1 ||     1
       Potion Petition   |       |       |     1 ||     1
Evoke: Wand              |       |       |     8 ||     8
  Use: Scroll            |     6 |     2 |     2 ||    10
 Stab: Sleeping          |    13 |     8 |     6 ||    27
       Distracted        |       |       |     2 ||     2
Armor: Robe              |    24 |    43 |    27 ||    94
Dodge: Dodged            |    96 |   187 |   150 ||   433
